[Event "Sardinia World Festival-A 2024"]
[Site "Orosei"]
[Date "2024.04.30"]
[Round "5.35"]
[White "Van Zyl-Rudd, Jack"]
[Black "Girel, Joseph"]
[Result "0-1"]
[ECO "D35"]
[WhiteElo "2261"]
[BlackElo "2479"]
[Annotator "TA"]
[PlyCount "127"]
[EventDate "2024.04.26"]
[EventType "swiss"]
[EventCountry "ITA"]
[SourceTitle "playchess.com"]
[Source "ChessBase"]
[SourceQuality "1"]
[TimeControl "40/5400+30:1800+30"]

1. d4 Nf6 2. c4 e6 3. Nc3 d5 4. cxd5 exd5 5. Bg5 c6 6. e3 Bd6 7. Bd3 O-O 8. Nge2 {[%emt 0:00:55] 8.Nf3 is setting a new trend. D35: Queen's Gambit Declined: Exchange Variation.} Re8 9. Qc2 h6 10. Bh4 a5 11. Bg3 Bxg3 12. Nxg3 Na6 13. a3 Nc7 14. O-O h5 15. h3 h4 16. Nge2 Qd6 17. Rae1 $146 ({Predecessor:} 17. Na4 Ne6 18. Nb6 Rb8 19. Nxc8 Rbxc8 20. Bf5 Rc7 21. Bxe6 Qxe6 22. Nf4 Qd7 23. Rfc1 {1-0 Tan,J (2307)-Dardha,D (2612) Titled Tuesday intern op 28th Feb Early blitz 2023 (2)}) 17... Bd7 18. Nc1 (18. Na4 $14) 18... Ne6 19. Bf5 Re7 20. Qd1 Ng5 21. Bxd7 Qxd7 22. Nd3 Nfe4 23. Nxe4 Nxe4 24. Qc2 Qf5 25. Nc5 Nd6 (25... Ng3 $5 26. Qxf5 Nxf5 $16) 26. Qxf5 Nxf5 27. b3 f6 28. Rc1 Kf7 29. a4 g5 30. Kh2 Nd6 31. Rc2 Ke8 32. Rb1 Kd8 33. Kh1 Kc7 34. Kh2 f5 35. Rd1 Rf8 36. Nd3 f4 37. exf4 gxf4 38. Ne5 Rg8 39. Nf3 Nf5 40. Rcd2 Kd6 41. Ne5 Reg7 (41... Nxd4 42. Nc4+ Kc7 43. Rxd4 $11) 42. Ng4 b6 43. Rd3 Rf8 44. Rf3 Ne7 45. Ne5 Ng6 46. Nd3 $1 c5 47. Nb2 (47. Ne1 $11) 47... Rc7 48. dxc5+ Rxc5 49. b4 Rc2 50. Rb3 Ne7 51. bxa5 bxa5 52. Nd3 Rc4 53. Rb6+ Nc6 54. Nb2 {[%emt 0:00:39] [#]} (54. Rb7 $11 {remains equal.}) 54... Rb4 $1 $17 55. Rxb4 (55. Rb5 $15 d4 56. f3) 55... axb4 $19 (55... Nxb4 56. Nc4+ Kc5 57. Nxa5 $11) 56. Nd3 b3 57. Rb1 Na5 58. Rc1 $2 (58. Kg1) 58... Nc4 $19 59. Rb1 Rb8 60. g3 fxg3+ 61. fxg3 b2 (61... Nd2 62. Rb2 Nc4 63. Rb1 $19) 62. gxh4 Rb3 63. Nxb2 Nd2 ({Stronger than} 63... Nxb2 64. a5 $11) ({Not} 63... Rxb2+ 64. Rxb2 Nxb2 65. h5 $11) 64. Rd1 0-1

[Event "Sardinia World Festival-A 2024"]
[Site "Orosei"]
[Date "2024.04.30"]
[Round "5.36"]
[White "Fromm, Marius"]
[Black "Deveci, Huseyin Said"]
[Result "1-0"]
[ECO "C77"]
[WhiteElo "2454"]
[BlackElo "2255"]
[Annotator "TA"]
[PlyCount "81"]
[EventDate "2024.04.26"]
[EventType "swiss"]
[EventCountry "ITA"]
[SourceTitle "playchess.com"]
[Source "ChessBase"]
[SourceQuality "1"]
[TimeControl "40/5400+30:1800+30"]

1. e4 e5 2. Nf3 Nc6 3. Bb5 a6 4. Ba4 Nf6 5. Nc3 Bc5 6. d3 O-O 7. Bxc6 dxc6 8. O-O {[%emt 0:00:45] The position is equal.} Re8 9. Be3 Bd6 10. h3 Nh5 11. a4 Qf6 12. Nd2 Nf4 13. Qf3 Be6 14. Kh2 g5 15. Rh1 h5 16. Kg1 Kg7 17. Qd1 g4 18. h4 Kh7 19. Nf1 b5 20. Ng3 ({Reject} 20. g3 b4 21. Na2 c5 $15) 20... b4 21. Nce2 b3 22. c3 Rad8 23. Qd2 Kg6 (23... Nxe2+ $11 24. Nxe2 (24. Qxe2 Qg6 $11) 24... Qg6) 24. Nxf4+ (24. Rf1 $16) 24... exf4 $11 25. Bd4 Qe7 ({But not} 25... Be5 $6 26. Ne2 $16) 26. e5 {[%emt 0:00:24] Some like it hot} fxg3 27. exd6 cxd6 28. fxg3 c5 29. Be3 Bd5 {[%emt 0:04:50] [#]} (29... d5 $11) 30. Re1 $1 $16 {[%emt 0:00:08] Black must now prevent Kh2.} Qb7 $2 {[%emt 0:00:00][%mdl 8192] Black cannot hold the game after this.} (30... f6 $16) 31. Kh2 $18 Re6 {[%emt 0:00:00] [#]} 32. Bxc5 $1 Qe7 {[%emt 0:00:00] Repels Qg5+} (32... f6 33. Bd4) 33. Bd4 Re8 34. Rxe6+ fxe6 35. c4 Ba8 (35... Bc6 36. Rf1 e5) 36. Rf1 e5 37. Bc3 {[%emt 0:00:16] Threatens to win with d4.} Kh7 (37... Rf8 $142) 38. Rf5 Rg8 39. Rxh5+ Kg7 40. d4 Rh8 {[%emt 0:00:30] [#]} 41. dxe5 $1 {[%emt 0:30:27] Weighted Error Value: White=0.13 (very precise) /Black=0.69.  Loses game:     	---       	Black=1      Mistake:       	White=1     	Black=4      Inaccurate:     	White=2     	Black=2      OK:         	White=15    	Black=9      Best:        	White=3     	Black=1      Strong:       	White=1     	---} 1-0

[Event "Sardinia World Festival-A 2024"]
[Site "Orosei"]
[Date "2024.04.30"]
[Round "5.37"]
[White "Urbani, Gabriel"]
[Black "Favaloro, Andrea"]
[Result "1/2-1/2"]
[ECO "C68"]
[WhiteElo "2260"]
[BlackElo "2412"]
[Annotator "TA"]
[PlyCount "34"]
[EventDate "2024.04.26"]
[EventType "swiss"]
[EventCountry "ITA"]
[SourceTitle "playchess.com"]
[Source "ChessBase"]
[SourceQuality "1"]
[TimeControl "40/5400+30:1800+30"]

1. e4 e5 2. Nf3 Nc6 3. Bb5 a6 4. Bxc6 dxc6 5. Nc3 f6 6. d4 exd4 7. Nxd4 c5 8. Nde2 Qxd1+ 9. Nxd1 Be6 10. Bf4 O-O-O 11. Ne3 Ne7 12. Rd1 Rxd1+ 13. Kxd1 g5 (13... Bxa2 14. b3 $16) 14. Bg3 Bg7 ({Weaker is} 14... Bxa2 15. b3 Bg7 (15... Bb1 $2 16. Nc3 $18) 16. Nc1 Rd8+ 17. Ke2 $18) 15. h4 f5 ({But not} 15... Bxa2 $6 16. b3 $16) ({Better is} 15... h5 $11) 16. hxg5 $14 {[%emt 0:21:24] And now Nf4 would win.} fxe4 17. b3 Nf5 {[%emt 0:00:00] Wards off Rh4. Black did not feel at home in the position after the opening.   Weighted Error Value: White=0.05 (flawless) /Black=0.20 (precise) .  Mistake:       	---       	Black=1      Inaccurate:     	---       	Black=1      OK:         	White=1     	---        Best:        	White=1     	Black=1} 1/2-1/2

[Event "Sardinia World Festival-A 2024"]
[Site "Orosei"]
[Date "2024.04.30"]
[Round "5.38"]
[White "Shohat, Yotam"]
[Black "Kurmangaliyeva, Liya"]
[Result "1-0"]
[ECO "C88"]
[WhiteElo "2398"]
[BlackElo "2230"]
[Annotator "TA"]
[PlyCount "119"]
[EventDate "2024.04.26"]
[EventType "swiss"]
[EventCountry "ITA"]
[SourceTitle "playchess.com"]
[Source "ChessBase"]
[SourceQuality "1"]
[TimeControl "40/5400+30:1800+30"]

1. e4 e5 2. Nf3 Nc6 3. Bb5 a6 4. Ba4 Nf6 5. O-O Be7 6. Re1 b5 7. Bb3 O-O 8. a4 Bb7 9. d3 d6 10. Nbd2 Nd7 11. c3 Nc5 12. Bc2 Nxa4 13. Bxa4 bxa4 {[%emt 0:00:07] The position is equal.} 14. Qxa4 a5 15. Nc4 Qd7 16. Ne3 Rfd8 17. Nd5 Bf8 18. Bg5 Rdb8 19. d4 Ba6 20. dxe5 Bb5 21. Qc2 Nxe5 22. Nxe5 dxe5 23. c4 c6 24. Ne3 Ba6 25. Red1 Qc7 26. Nf5 Bc8 27. Bd2 Be6 28. Ra4 Qb6 29. Bc3 f6 30. Rda1 Qb3 31. Qxb3 Rxb3 32. g4 g6 33. Ne3 Bc5 34. g5 fxg5 35. Rxa5 Rxa5 36. Rxa5 Bxe3 37. fxe3 Bxc4 38. Rxe5 $11 {[%emt 0:00:39][%mdl 4096] Endgame. KRB-KRB} Kf7 39. Rxg5 Rb5 40. Rg4 Bd3 41. Rf4+ Ke7 42. h4 Rb8 43. e5 Bf5 44. h5 Ra8 45. h6 Ra1+ 46. Kh2 Rc1 47. Rc4 Kd7 (47... Rc2+ $142 48. Kg3 Re2) 48. e4 $16 Bg4 49. Ra4 Ke7 50. Ra7+ Bd7 51. Ra8 Be8 $2 {[%emt 0:00:00] [#] Loses the game.} (51... Rf1 $16) 52. e6 $1 $18 {[%emt 0:00:00][%mdl 512] aiming for Ra7+.} g5 (52... Rc2+ 53. Kg3) 53. Ra7+ $1 Kxe6 54. Rxh7 {[%emt 0:00:00][%cal Oh7e7] Hoping for Re7+!} Bg6 {[%emt 0:00:25] [#]} 55. Rh8 {[%emt 0:00:00] h7 is the strong threat.} Rc2+ {[%emt 0:00:21] [#]} 56. Kg3 $1 {[%emt 0:00:00] Black must now prevent h7.} Rc1 57. Rc8 Kd6 (57... Kd7 {was worth a try.} 58. Rg8 Bxe4) 58. e5+ {[%emt 0:02:03][%cal Be4e5,Be5e6][%mdl 32] White is clearly winning.} Kd5 (58... Kc5 $142 59. e6 Kd6) 59. Rd8+ Ke4 60. e6 {[%emt 0:00:10] Weighted Error Value: White=0.06 (flawless) /Black=0.22 (precise) .  Loses game:     	---       	Black=1      Mistake:       	---       	Black=3      Inaccurate:     	White=4     	Black=2      OK:         	White=19    	Black=19     Best:        	White=3     	Black=3      Strong:       	White=2     	---} 1-0

[Event "Sardinia World Festival-A 2024"]
[Site "Orosei"]
[Date "2024.04.30"]
[Round "5.39"]
[White "Andreev, Konstantin"]
[Black "Savitha Shri B"]
[Result "1-0"]
[ECO "B48"]
[WhiteElo "2244"]
[BlackElo "2363"]
[Annotator "TA"]
[PlyCount "71"]
[EventDate "2024.04.26"]
[EventType "swiss"]
[EventCountry "ITA"]
[SourceTitle "playchess.com"]
[Source "ChessBase"]
[SourceQuality "1"]
[TimeControl "40/5400+30:1800+30"]

1. e4 c5 2. Nf3 e6 3. d4 cxd4 4. Nxd4 Nc6 5. Nc3 Qc7 6. Be3 a6 7. Qf3 b5 8. Nxc6 Qxc6 9. Bd3 {[%emt 0:00:24] White has an edge.} Bb7 10. Qg3 Nf6 11. f3 d6 12. O-O-O Rc8 13. Kb1 Nd7 14. Ne2 {[%emt 0:03:23][%cal Bc3e2,Be2d4,Bd4b3][%mdl 32] White is much more active.} Qc7 15. Nd4 g6 16. h4 d5 {[%emt 0:03:51] [#]} 17. e5 Qxe5 $11 18. f4 Qg7 (18... Qd6 $11 {feels stronger.}) 19. Qh3 (19. Nb3 $14) 19... Bc5 20. Nb3 Be7 (20... Bxe3 $15 21. Qxe3 O-O) 21. h5 $14 {[%emt 0:02:15][%mdl 1024] Strongly threatening hxg6. White has compensation.} Bf6 22. h6 Qf8 23. Bd4 Qe7 24. g4 O-O 25. Rhe1 Rce8 26. Qe3 Bxd4 $1 27. Qxd4 Qf6 28. Qa7 Bc8 29. Qc7 (29. Qe3 $15) 29... e5 $17 30. f5 Qb6 31. Qc3 g5 ({Black should play} 31... d4 $17 32. Qd2 Bb7) 32. Bf1 (32. Be2 $11) 32... Bb7 (32... Qxh6 33. Rxd5 Nf6 34. Rd6 $11 (34. Rdxe5 $2 Rxe5 35. Qxe5 Nxg4 $19)) (32... d4 $17 33. Qh3 Bb7) 33. Bg2 $36 {[%emt 0:00:18][%mdl 2048] White fights for an advantage.} Nf6 {[%emt 0:02:52] [#]} (33... d4 34. Qd2 f6 35. c3 $16) (33... Qxh6 $11 34. Rh1 (34. Bxd5 Rc8 $11) 34... Qg7) 34. Rxe5 (34. Nc5 $1 $18 {[%cal Rc5b7] is the precise move to win. Hoping for Nxb7.} Ba8 (34... Nxg4 $2 {too greedy.} 35. Nxb7 Qxb7 36. Qg3 $18) 35. Rxe5 Rxe5 (35... Nxg4 $2 {loses.} 36. Re6 $18) (35... d4 $2 36. Qd2 $18) 36. Qxe5) 34... Qf2 $2 (34... Rxe5 $16 35. Qxe5 Re8) 35. Rexd5 $18 Qb6 36. Rd6 {[%emt 0:00:25] Weighted Error Value: White=0.24 (precise) /Black=0.24 (precise) .  Loses game:     	---       	Black=2      Mistake:       	White=5     	Black=4      Inaccurate:     	White=6     	Black=2      OK:         	White=9     	Black=9      Best:        	White=2     	Black=2      Strong:       	---       	Black=1} 1-0

[Event "Sardinia World Festival-A 2024"]
[Site "Orosei"]
[Date "2024.04.30"]
[Round "5.40"]
[White "Kaczmarek, Aleksander"]
[Black "Selbes, Tamer Tarik"]
[Result "1-0"]
[ECO "C22"]
[WhiteElo "2362"]
[BlackElo "2219"]
[Annotator "TA"]
[PlyCount "51"]
[EventDate "2024.04.26"]
[EventType "swiss"]
[EventCountry "ITA"]
[SourceTitle "playchess.com"]
[Source "ChessBase"]
[SourceQuality "1"]
[TimeControl "40/5400+30:1800+30"]

1. e4 e5 2. d4 exd4 3. Qxd4 Nc6 4. Qd3 g6 5. Nc3 Bg7 6. f3 Nge7 7. Bg5 h6 {[%emt 0:01:03][%cal Oc6e5] ...Ne5! would now be deadly.} 8. Bh4 {[%emt 0:00:00] White has an edge.} O-O (8... Bxc3+ $2 9. Qxc3 O-O 10. O-O-O $18) 9. O-O-O g5 (9... d6 $11) 10. Bf2 $16 Ng6 (10... d6 $142) 11. Kb1 d6 12. Qd2 Be6 {[%emt 0:00:25] [#]} 13. Nge2 $1 Nge5 {[%emt 0:14:06] [#]} (13... f5 $16 {was necessary.}) 14. Ng3 $1 $18 b5 (14... a5 $142 15. h4 f6) 15. Nh5 (15. Nxb5 $6 Rb8 $18) (15. Bxb5 $6 Na5 $18) 15... Bh8 16. h4 {[%emt 0:00:00] aiming for hxg5.} (16. Nxb5 $6 Bc4 $18) (16. Bxb5 $6 Na5 $18) 16... Nc4 17. Bxc4 bxc4 18. hxg5 hxg5 19. f4 Bg4 20. fxg5 {[%emt 0:00:00][%cal Oc3d5] Strongly threatening Nd5!} Bxd1 21. Nxd1 {[%emt 0:00:00] Excellent horsemanship.} (21. Qxd1 Qxg5 (21... Bxc3 $2 22. Qg4 $18) 22. Bh4 Qg6 $18 (22... Qxg2 $2 23. Nf6+ Kg7 24. Rg1 $18)) 21... Rb8 22. Qf4 {[%emt 0:00:00] White threatens Nf6+ and mate.} f5 23. gxf6 Kf7 24. Qf5 Ne5 25. Bd4 ({Weaker is} 25. Bh4 Qd7 $18) 25... Qc8 26. Qh7+ {[%emt 0:00:00] Black did not feel at home in the position after the opening.   Weighted Error Value: White=0.08 (flawless) /Black=0.63.  Mistake:       	---       	Black=4      Inaccurate:     	---       	Black=2      OK:         	White=9     	Black=6      Best:        	White=2     	---        Strong:       	White=2     	---} 1-0

[Event "Sardinia World Festival-A 2024"]
[Site "Orosei"]
[Date "2024.04.30"]
[Round "5.41"]
[White "Vagman, Roy"]
[Black "Chitre Arush"]
[Result "1/2-1/2"]
[ECO "C60"]
[WhiteElo "2357"]
[BlackElo "2210"]
[Annotator "TA"]
[PlyCount "70"]
[EventDate "2024.04.26"]
[EventType "swiss"]
[EventCountry "ITA"]
[SourceTitle "playchess.com"]
[Source "ChessBase"]
[SourceQuality "1"]
[TimeControl "40/5400+30:1800+30"]

1. e4 e5 2. Nf3 Nc6 3. Bb5 Nge7 4. Nc3 g6 5. d4 exd4 6. Nd5 Bg7 $1 7. Bg5 {[%emt 0:00:06] [#] Hoping for Bxc6.} h6 8. Bf6 Bxf6 9. Nxf6+ {[%emt 0:00:05] White has an edge.} Kf8 10. Qd2 {[%emt 0:01:00][%cal Oe1c1][%mdl 1024] White has compensation.} d5 11. e5 (11. Nxd5 {simplifies} Nxd5 12. Bxc6 Nf6 13. e5) 11... Kg7 12. O-O-O (12. Nxd4 Nxe5 13. f4 Kxf6 $17) 12... a6 (12... Nxe5 13. Nxe5 Nf5 (13... Kxf6 $2 14. Qxd4 Kg7 15. Nc6+ Kh7 16. Nxd8 $18) 14. Ne8+ Rxe8 15. Bxe8 Qxe8 16. Rhe1 $16) 13. Ba4 {[%emt 0:13:58] White has more active pieces.} (13. Bxc6 $14 {should be considered.} Nxc6 14. Nxd4 Nxe5 15. Nxd5 Nd3+ (15... Qxd5 $2 16. Nf5+ Bxf5 17. Qxd5 $18) 16. Qxd3 Qxd5 17. Qc3) 13... Be6 14. Rhe1 b5 15. Bb3 Ng8 16. Nxg8 Rxg8 17. Nxd4 Nxd4 18. Qxd4 c6 19. h4 Qe7 20. Qf4 a5 {[%emt 0:00:00] [#] And now ...a4 would win.} 21. c3 Rgb8 (21... b4 $17) 22. Bc2 (22. Rd3 $11 {remains equal.}) 22... b4 $17 23. h5 bxc3 ({And not} 23... gxh5 24. Rh1 Kf8 (24... bxc3 25. Rxh5 Kf8 26. bxc3 $14) 25. Ba4 $14 (25. Qxh6+ Ke8 $14) (25. Rxh5 bxc3 26. bxc3 Qa3+ 27. Kd2 d4 $16)) 24. bxc3 Qg5 ({Reject} 24... gxh5 $6 25. Rd3 $14) (24... Qa3+ $17 25. Kd2 d4 26. cxd4 Rb2 27. Qf6+ Kg8) 25. Qxg5 $11 hxg5 26. hxg6 fxg6 27. Re3 Rf8 28. Rd2 g4 29. f3 Rf4 30. fxg4 Rxg4 31. Rf2 Rf8 32. Ref3 Re8 33. Rf6 c5 34. Kd2 d4 35. R6f4 (35. cxd4 $11 Rxd4+ 36. Kc1) 35... Rxf4 {[%emt 0:00:00] Weighted Error Value: White=0.16 (very precise) /Black=0.12 (very precise) .  Mistake:       	White=4     	Black=2      Inaccurate:     	White=2     	Black=1      OK:         	White=11    	Black=8      Best:        	---       	Black=2} 1/2-1/2

[Event "Sardinia World Festival-A 2024"]
[Site "Orosei"]
[Date "2024.04.30"]
[Round "5.42"]
[White "Shvedova, Alexandra"]
[Black "Gloeckler, Christian"]
[Result "1-0"]
[ECO "B55"]
[WhiteElo "2203"]
[BlackElo "2356"]
[Annotator "TA"]
[PlyCount "73"]
[EventDate "2024.04.26"]
[EventType "swiss"]
[EventCountry "ITA"]
[SourceTitle "playchess.com"]
[Source "ChessBase"]
[SourceQuality "1"]
[TimeControl "40/5400+30:1800+30"]

1. e4 c5 2. Nf3 d6 3. d4 cxd4 4. Nxd4 Nf6 5. f3 e5 6. Nb3 d5 7. Bg5 $1 d4 8. c3 Nc6 9. cxd4 {[%emt 0:00:24] White has an edge.} Bb4+ $1 10. Bd2 Nxe4 11. Bxb4 Qh4+ 12. g3 Nxg3 13. hxg3 Qxh1 14. Bc5 Bh3 15. N1d2 $36 {[%emt 0:00:07][%mdl 2048] Strongly threatening dxe5. White has the initiative.} O-O-O 16. Qc2 Bxf1 17. O-O-O {[%emt 0:00:10][%cal Oc5a7] Bxa7! would now be deadly.} Kb8 18. Rxf1 Qh3 (18... Qh5 $1 $14) 19. dxe5 $1 $16 {[%emt 0:19:04] Black is now going downhill.} Nxe5 {[%emt 0:00:00] [#]} ({Better is} 19... Rhe8) 20. Bxa7+ $1 Ka8 {[%emt 0:00:00] [#] Threatens to win with ...Rxd2.} (20... Kxa7 21. Qc5+) 21. Kb1 $1 {[%emt 0:13:20] Black must now prevent Be3.} Qxg3 (21... Rc8 22. Qe4) 22. Bd4 {[%emt 0:18:45] Ne4 is the strong threat.} Nc6 {[%emt 0:00:00] [#]} (22... Rhe8 {was necessary.} 23. Qxh7 Qf4) 23. Bb6 $1 $18 Rde8 $2 (23... Nb4 24. Qe4 Qg6) 24. Ne4 Qf4 (24... Nb4 $142 25. Nxg3 Nxc2 26. Kxc2 h5) 25. Nbc5 {[%emt 0:04:46] Qa4+ would kill now.} Re7 26. Nd3 {[%emt 0:10:40] Excellent horsemanship.} Qf5 27. Qa4+ Kb8 28. Nb4 Rc8 29. Ka1 Qf4 {[%emt 0:00:00] Repels Nd6} 30. Nd5 Rxe4 31. Qxe4 Qd6 (31... Qxe4 32. fxe4 Ne5) 32. Rc1 h6 33. Ne3 (33. Rd1 $142) 33... g6 $2 (33... Ne7 34. Rxc8+ (34. Nc4 Qxb6 35. Qxe7 Rxc4 $11) 34... Nxc8) 34. Nc4 Qf6 35. Na5 (35. Bf2 $142 {White wants to mate with Bg3+.} Rd8 36. Bg3+ Ka7 37. Qe3+ Nd4 38. Qa3+ (38. Qxh6 Qxf3 39. Bc7 Nf5 $18) (38. Be5 Qc6 39. Bxd4+ Rxd4 40. Qxd4+ b6 41. Rc3 Qe6 42. Ra3+ Kb7 43. Nd6+ Kc6) 38... Qa6 39. Qc5+ b6 40. Qc7+ Qb7 41. Qxd8) 35... Qg5 (35... Qe6 $18 36. Nxc6+ (36. Qxe6 fxe6 37. Nxc6+ bxc6 $18) 36... Rxc6 37. Qf4+ Kc8 38. Qxh6 Kd7) 36. Nxc6+ bxc6 37. Be3 {[%emt 0:00:16] Weighted Error Value: White=0.65/Black=0.57.  Mistake:       	---       	Black=6      Inaccurate:     	---       	Black=1      OK:         	White=8     	Black=7      Best:        	White=3     	Black=3      Strong:       	White=2     	Black=1      Brilliant:      	White=1     	---} 1-0

[Event "Sardinia World Festival-A 2024"]
[Site "Orosei"]
[Date "2024.04.30"]
[Round "5.43"]
[White "Saine, Zachary"]
[Black "Semling, Johannes"]
[Result "0-1"]
[ECO "C02"]
[WhiteElo "2032"]
[BlackElo "2120"]
[Annotator "NA RC"]
[PlyCount "90"]
[EventDate "2024.04.26"]
[EventType "swiss"]
[EventCountry "ITA"]
[SourceTitle "playchess.com"]
[Source "ChessBase"]
[SourceQuality "1"]
[TimeControl "40/5400+30:1800+30"]

1. e4 e6 2. d4 d5 3. e5 c5 4. c3 Nc6 5. Nf3 Qb6 6. Na3 cxd4 7. cxd4 Bb4+ 8. Bd2 Nge7 9. Nc2 Bxd2+ 10. Qxd2 Bd7 11. Rb1 Rc8 12. Be2 O-O 13. O-O h6 14. b4 a6 15. b5 axb5 16. Bxb5 Qa5 17. Qxa5 Nxa5 18. Na1 Rfd8 19. h3 Rc3 20. a4 Bxb5 21. Rxb5 Nec6 22. Rfb1 Rc4 23. Nb3 Nxb3 24. R1xb3 Rxa4 25. Rxb7 Nxd4 26. Nxd4 Rxd4 27. Rf3 Rf8 28. Re3 g5 29. Rd7 Rf4 30. g3 Rf5 31. Kg2 Rc8 32. Re2 Rc4 33. Ra7 Kg7 34. Ra3 h5 35. f3 h4 36. Rb3 hxg3 37. Kxg3 Rff4 38. Rd3 Rc1 39. Kg2 Rfc4 40. Rdd2 R1c3 41. Kg3 Rf4 42. Rf2 Re3 43. Rde2 Rfxf3+ 44. Rxf3 Rxe2 45. Kg4 Rxe5 0-1

[Event "Sardinia World Festival-A 2024"]
[Site "Orosei"]
[Date "2024.04.30"]
[Round "5.44"]
[White "Natoli, Alessia"]
[Black "Molinari, Carlo"]
[Result "0-1"]
[ECO "C47"]
[WhiteElo "1917"]
[BlackElo "1867"]
[Annotator "NA RC"]
[PlyCount "80"]
[EventDate "2024.04.26"]
[EventType "swiss"]
[EventCountry "ITA"]
[SourceTitle "playchess.com"]
[Source "ChessBase"]
[SourceQuality "1"]
[TimeControl "40/5400+30:1800+30"]

1. e4 e5 2. Nf3 Nc6 3. Nc3 Nf6 4. a3 Be7 5. d4 d6 6. Bb5 exd4 7. Nxd4 Bd7 8. Nxc6 bxc6 9. Be2 O-O 10. O-O a5 11. f4 Qc8 12. h3 a4 13. Bf3 Rd8 14. Qe2 Bf8 15. Be3 Re8 16. Qf2 Ra5 17. Kh2 Qb8 18. Bd4 Be6 19. Bxf6 gxf6 20. Rfb1 Bg7 21. f5 Bc4 22. b3 axb3 23. cxb3 Bd3 24. Rd1 Ba6 25. b4 Rae5 26. Kh1 Kh8 27. g3 Bb7 28. Rab1 Qa8 29. a4 d5 30. exd5 Rxf5 31. g4 Rfe5 32. Qg2 cxd5 33. Bxd5 Bxd5 34. Rxd5 Re3 35. Rc1 f5 36. Nb5 Re1+ 37. Rxe1 Rxe1+ 38. Kh2 c6 39. Rxf5 Qb8+ 40. Qg3 Rh1+ 0-1

[Event "Sardinia World Festival-A 2024"]
[Site "Orosei"]
[Date "2024.04.30"]
[Round "5.45"]
[White "Joel Paul Ganta"]
[Black "Fonda, Marco"]
[Result "1-0"]
[ECO "D36"]
[WhiteElo "1969"]
[BlackElo "1825"]
[Annotator "NA RC"]
[PlyCount "71"]
[EventDate "2024.04.26"]
[EventType "swiss"]
[EventCountry "ITA"]
[SourceTitle "playchess.com"]
[Source "ChessBase"]
[SourceQuality "1"]
[TimeControl "40/5400+30:1800+30"]

1. d4 Nf6 2. c4 e6 3. Nc3 d5 4. cxd5 exd5 5. Bg5 c6 6. Qc2 Be7 7. e3 O-O 8. Bd3 Nbd7 9. Nge2 Re8 10. O-O h6 11. Bh4 b6 12. f3 Bb7 13. Rad1 Qc8 14. Bf5 Ba6 15. Rfe1 Ng4 16. Bxg4 Bxh4 17. g3 Be7 18. Nf4 Qb7 19. e4 Nf6 20. Bh3 dxe4 21. fxe4 Bb4 22. a3 Bxc3 23. bxc3 Rad8 24. c4 Qc7 25. Bg2 Re7 26. e5 Rde8 27. e6 fxe6 28. Ng6 Rd7 29. Ne5 Rd6 30. Rf1 Rf8 31. Qg6 Bb7 32. Be4 Nxe4 33. Rxf8+ Kxf8 34. Rf1+ Nf6 35. Qh7 Rxd4 36. Rxf6+ 1-0

[Event "Sardinia World Festival-A 2024"]
[Site "Orosei"]
[Date "2024.04.30"]
[Round "5.46"]
[White "Saivigneash S M"]
[Black "Nassa, Nicolas"]
[Result "1/2-1/2"]
[ECO "D37"]
[WhiteElo "1817"]
[BlackElo "1969"]
[Annotator "NA RC"]
[PlyCount "100"]
[EventDate "2024.04.26"]
[EventType "swiss"]
[EventCountry "ITA"]
[SourceTitle "playchess.com"]
[Source "ChessBase"]
[SourceQuality "1"]
[TimeControl "40/5400+30:1800+30"]

1. d4 d5 2. Nf3 Nf6 3. c4 c6 4. Nc3 e6 5. Bf4 Nbd7 6. e3 Be7 7. Be2 dxc4 8. Bxc4 b5 9. Be2 a6 10. a3 Bb7 11. O-O c5 12. dxc5 Nxc5 13. Qxd8+ Rxd8 14. Rad1 O-O 15. h3 Nd5 16. Nxd5 Bxd5 17. Be5 f6 18. Bd4 Na4 19. b4 e5 20. Ba1 Nb6 21. Nd2 Rc8 22. Rc1 Rfd8 23. Rfd1 Rxc1 24. Rxc1 Bxg2 25. Kxg2 Rxd2 26. Bf3 Nc4 27. Bc3 Rd6 28. Bb7 Kf8 29. Kf3 g6 30. Ke2 Ke8 31. Ra1 Kd7 32. a4 Kc7 33. Be4 Kb6 34. axb5 axb5 35. Ra8 Rd8 36. Rxd8 Bxd8 37. Bd5 Nd6 38. e4 Be7 39. Kd3 h5 40. f3 Bf8 41. Bg8 g5 42. Be6 Nb7 43. Bd5 Nd8 44. Ke3 Nc6 45. Bxc6 Kxc6 46. Kf2 Bd6 47. Kg3 Kd7 48. Bd2 Ke6 49. Bc3 f5 50. Bd2 g4 1/2-1/2